 Dungeon Crawl Stone Soup version coffee-0.2.0 (webtiles) character file.

Game seed: 7985660857494464789, levelgen mode: deterministic

89 Dorkslayer the Shield-Bearer (level 4, 0/38 HPs)
             Began as a Human Fighter on Sept 20, 2020.
             Was an Initiate of the Shining One.
             Succumbed to a crimson imp's poison
             ... on level 3 of the Dungeon.
             The game lasted 00:08:30 (1767 turns).

Dorkslayer the Shield-Bearer (Human Fighter)        Turns: 1767, Time: 00:08:31

Health: 0/38       AC: 11    Str: 17    XL:     4   Next: 84%
Magic:  4/4        EV:  6    Int:  9    God:    the Shining One [......]
Gold:   51         SH:  9    Dex: 12    Spells: 3/3 levels left

rFire    . . .     SeeInvis .   a - +0 long sword
rCold    . . .     Gourm    .   c - +0 kite shield
rNeg     . . .     Faith    .   o - +0 chain mail
rPois    .         Spirit   .   (no helmet)
rElec    .         Reflect  .   k - +0 cloak (curse)
rCorr    .         Harm     .   (no gloves)
MR       .....                  (no boots)
Stlth    ..........             (no amulet)
HPRegen  0.12/turn              (no ring)
MPRegen  0.09/turn              (no ring)

@: lethally poisoned (0 -> -3), glowing
A: robust 1, MP-powered wands
a: Renounce Religion


You were on level 3 of the Dungeon.
You worshipped the Shining One.
The Shining One was noncommittal.
You were not hungry.

You visited 2 branches of the dungeon, and saw 4 of its levels.

You collected 51 gold pieces.

Inventory:

Hand Weapons
 a - a +0 long sword (weapon)
Missiles
 m - 4 boomerangs (quivered)
Armour
 c - a +0 kite shield (worn)
 k - a cursed +0 cloak (worn)
 o - a +0 chain mail (worn)
Scrolls
 h - a scroll of magic mapping
 l - a scroll of enchant weapon
Potions
 g - a potion of flight
 j - a potion of brilliance
Miscellaneous
 d - a lightning rod (4/4)
Comestibles
 f - 7 rations
 i - a chunk of flesh


   Skills:
 + Level 3.1(4.7) Fighting
 + Level 3.2 Long Blades
 + Level 3.5(4.9) Armour
 + Level 1.0(4.0) Dodging
 + Level 0.1(4.3) Stealth
 + Level 3.6(4.9) Shields


You had 3 spell levels left.
You didn't know any spells.
Your spell library was empty.

Dungeon Overview and Level Annotations

Branches:
Dungeon (3/10)             Temple (1/1) D:2

Altars:
Cheibriados
Dithmenos
Elyvilon
Gozag
Hepliaklqana
Kikubaaqudgha
Makhleb
Nemelex Xobeh
Okawaru
Qazlal
Ru
Sif Muna
Trog
Uskayaw
Vehumet
Wu Jian
Xom
Yredelemnul
Zin
The Shining One

Shops:
D:3 }


Innate Abilities, Weirdness & Mutations

You are robust. (+10% HP)
You expend magic power (3 MP) to strengthen your wands.


Message History

You block the crimson imp's attack.
You hit the crimson imp.
The crimson imp is lightly wounded.
* * * LOW HITPOINT WARNING * * *
You feel sick.
The crimson imp hits you but does no damage.
You block the crimson imp's attack.
You closely miss the crimson imp.
* * * LOW HITPOINT WARNING * * *
You feel sick.
The crimson imp blinks!
Throwing (i - inventory. (/) - cycle)
e - a poisoned dart (quivered)
Press: ? - help, Shift-Dir - straight line, f/p - crimson imp
Aim: a crimson imp, wielding a +1 dagger of chaos You throw a poisoned dart.
The poisoned dart hits the crimson imp.
You slash the crimson imp!
The crimson imp is heavily wounded.
You block the crimson imp's attack.
You closely miss the crimson imp.
The crimson imp is heavily wounded.
You die...

#.#### ####.........
#....# #.....#.#..##
####.# ###.#.#....##
#.######...##.....
#.....###...#.#.##
#####...# ###...#.##
###((_#...#####.##>.#
#.(((5#......##.##.###
#(#(.@#...#.....##....
#.#####...#......#..##
#..##...............#
##.##.....#.........##
#.###..###..##.......
#..###...#..####.....
##...###.#..# ##.....
###..##.#..###......
##........##.#..#.


You could see a crimson imp.

Vanquished Creatures
  2 adders
  An ooze (D:1)
  2 worms (D:3)
  A dart slug (D:2)
  3 orcs (D:3)
  4 bats
  3 giant cockroaches
  6 goblins
  7 hobgoblins
  4 jackals
  2 quokkas (D:3)
  A ball python (D:1)
  3 frilled lizards
  8 kobolds
  7 rats
54 creatures vanquished.

Notes
Turn   | Place    | Note
-------+----------+-------------------------------------------
     0 | D:1      | Dorkslayer the Human Fighter began the quest for the Orb.
     0 | D:1      | Reached XP level 1. HP: 18/18 MP: 1/1
   134 | D:1      | Reached XP level 2. HP: 24/24 MP: 2/2
   387 | D:1      | You fall into a shaft and drop 1 floor!
   387 | D:2      | Found a staircase to the Ecumenical Temple.
   401 | D:2      | Reached XP level 3. HP: 27/29 MP: 3/3
   411 | Temple   | Entered the Ecumenical Temple
   480 | Temple   | Became a worshipper of the Shining One
   949 | D:2      | Reached XP level 4. HP: 32/35 MP: 4/4
  1063 | D:2      | Found a hide-covered altar of Uskayaw.
  1175 | D:3      | Found Venos's Gadget Shop.
  1500 | D:3      | Found a radiant altar of Vehumet.
  1501 | D:3      | Found a shimmering blue altar of Sif Muna.
  1649 | D:3      | Found an ancient bone altar of Kikubaaqudgha.
  1650 | D:3      | Reached skill level 1 in Dodging
  1719 | D:3      | Found a burning altar of Makhleb.
  1719 | D:3      | Found a shimmering altar of Xom.
  1729 | D:3      | Paralysed by a crimson imp for 6 turns
  1755 | D:3      | Gained mutation: You expend magic power (3 MP) to
                  | strengthen your wands. [potion of mutation]
  1755 | D:3      | Gained mutation: You tend to lose your temper in combat.
                  | [potion of mutation]
  1755 | D:3      | Lost mutation: You tend to lose your temper in combat.
                  | [potion of mutation]
  1755 | D:3      | Gained mutation: You are robust. (+10% HP) [potion of
                  | mutation]
  1764 | D:3      | HP: 1/38 [poisoned by a crimson imp]
  1767 | D:3      | Succumbed to a crimson imp's poison

Levels and vault maps discovered:
D:1:      lightli_arrival_isolated_outpost, layout_loops_corners, serial_shops,
          kennysheep_mini_moat
D:2:      layout_basic, kennysheep_little_box, minmay_temple_entry_stoned_glass,
          minmay_stone_trees_small
D:3:      layout_rooms, grunt_temple_overflow_champion_of_chaos,
          kiku_gazebo_garden_becter, gammafunk_temple_overflow_pools,
          serial_shops, shop, minmay_misc_feat_secret_circle
Temple:   jpeg_temple_clearing

Skill      XL: |  1  2  3  4 |
---------------+-------------+-----
Long Blades    | 3 |  3.2
Dodging        | 1 |  1.0
Fighting       | |  3.1
Armour         | |  3.5
Stealth        | |  0.1
Shields        | |  3.6

Action                   |  1- 3 |  4- 6 || total
-------------------------+-------+-------++-------
Melee: Long sword        |   111 |    92 ||   203
Throw: Dart              |       |    21 ||    21
  Use: Potion            |       |     2 ||     2
 Stab: Sleeping          |     1 |       ||     1
  Eat: Chunk             |       |     3 ||     3
Armor: Scale mail        |    42 |    43 ||    85
       Chain mail        |       |    17 ||    17
Dodge: Dodged            |    49 |    40 ||    89
Block: Kite shield       |    62 |    67 ||   129
       Rpst.: Long sword |    11 |     9 ||    20
